 Dungeon Crawl Stone Soup version 0.25.0-9-g26727b657a (webtiles) character file.

Game seed: 9239517906795294445

0 po7itron the Magician (level 1, -2/17 HPs)
             Began as a Gnoll Wanderer on June 19, 2020.
             Slain by a goblin
             ... wielding a +0 club
              (4 damage)
             ... on level 1 of the Dungeon.
             The game lasted 00:01:32 (34 turns).

po7itron the Magician (Gnoll Wanderer)                Turns: 34, Time: 00:01:33

Health: -2/17      AC:  2    Str: 13    XL:     1   Next: 10%
Magic:  6/6        EV: 11    Int: 17    God:
Gold:   6          SH:  0    Dex: 12    Spells: 9/9 levels left

rFire    . . .     SeeInvis .   a - +0 club
rCold    . . .     Gourm    .   (no shield)
rNeg     . . .     Faith    .   d - +0 robe
rPois    .         Spirit   .   (no helmet)
rElec    .         Reflect  .   (no cloak)
rCorr    .         Harm     .   (no gloves)
MR       .....                  (no boots)
Stlth    +.........             (no amulet)
HPRegen  0.05/turn              (no ring)
MPRegen  0.10/turn              (no ring)

@: no status effects
A: distributed training, fangs 1, strong nose
a: no special abilities


You were on level 1 of the Dungeon.
You were not hungry.

You visited 1 branch of the dungeon, and saw 1 of its levels.

You collected 6 gold pieces.

Inventory:

Hand Weapons
 a - a +0 club (weapon)
Armour
 d - a +0 robe (worn)
Potions
 b - a potion of might {unknown}
Comestibles
 f - a ration


   Skills:
 + Level 2.3 Fighting
 + Level 0.0 Short Blades
 + Level 0.0 Long Blades
 + Level 0.0 Axes
 + Level 0.0 Maces & Flails
 + Level 0.0 Polearms
 + Level 0.0 Staves
 + Level 0.0 Slings
 + Level 0.0 Bows
 + Level 0.0 Crossbows
 + Level 2.3 Throwing
 + Level 4.4 Armour
 + Level 0.0 Dodging
 + Level 0.0 Stealth
 + Level 2.3 Shields
 + Level 0.0 Unarmed Combat
 + Level 4.8 Spellcasting
 + Level 0.0 Conjurations
 + Level 0.0 Hexes
 + Level 0.0 Charms
 + Level 3.6 Summonings
 + Level 0.0 Necromancy
 + Level 0.0 Translocations
 + Level 1.9 Transmutations
 + Level 0.0 Fire Magic
 + Level 0.0 Ice Magic
 + Level 0.0 Air Magic
 + Level 0.0 Earth Magic
 + Level 0.0 Poison Magic
 + Level 0.0 Invocations
 + Level 0.0 Evocations


You had 9 spell levels left.
You didn't know any spells.
Your spell library contained the following spells:

 Spells                   Type           Power        Failure   Level  Hunger
 Beastly Appendage        Tmut           ##....       7%          1    None
 Sting                    Tmut/Pois      #...         10%         1    None
 Sticks to Snakes         Tmut           ##......     10%         2    #......
 Foxfire                  Conj/Fire      #...         14%         1    None
 Spider Form              Tmut/Pois      #.........   28%         3    ###....
 Ignite Poison            Fire/Tmut/Pois #.......     32%         3    ###....
 Inner Flame              Hex/Fire       #.......     41%         3    ###....
 Ice Form                 Ice/Tmut       #.......     67%         4    ####...
 Blade Hands              Tmut           ##........   88%         5    ######.


Dungeon Overview and Level Annotations

Branches:
Dungeon (1/15)

Altars:


Innate Abilities, Weirdness & Mutations

Your experience applies equally to all skills.
You have very sharp teeth.
Your uncanny sense of smell can sniff out nearby items.


Message History

The dart slug launches a dart at you. The slug dart hits you.
The kobold barely misses you.
Found a scroll labeled INIMANKIXA.
The goblin completely misses you.
The kobold throws a stone.
The stone hits you but does no damage.
You see here a stone.
The goblin hits you with a +0 club. The kobold barely misses you.
The goblin hits you with a +0 club.
* * * LOW HITPOINT WARNING * * *
The kobold barely misses you. The goblin hits you with a +0 club.
* * * LOW HITPOINT WARNING * * *
The dart slug closely misses you. The kobold closely misses you.
The goblin closely misses you. The kobold barely misses you.
The dart slug bites you but does no damage.
The goblin misses you. The kobold barely misses you.
The dart slug closely misses you. The goblin hits you with a +0 club.
You die...

#.#########
#..........#
#..........#
#.......?..#
#..........#
#..........# ..
#........!.#...
#..@g......#...
#..wK..........
#...>..........
#..........#.
#........###
##......(###
#.........##
#.....(.(..#
#.....####'###


You could see a dart slug, a goblin and a kobold.

Vanquished Creatures
  A frilled lizard (D:1)
1 creature vanquished.

Notes
Turn   | Place    | Note
-------+----------+-------------------------------------------
     0 | D:1      | po7itron the Gnoll Wanderer began the quest for the Orb.
     0 | D:1      | po7itron set off with the following items: a +0 club, a +0
                  | robe, a ration; and the following spells available to
                  | memorise: Beastly Appendage, Sting, Sticks to Snakes,
                  | Foxfire, Spider Form, Ignite Poison, Inner Flame, Ice Form,
                  | Blade Hands
     0 | D:1      | Reached XP level 1. HP: 17/17 MP: 6/6
    34 | D:1      | Slain by a goblin

Illustrated notes

Levels and vault maps discovered:
D:1:      ncdulo_halloftheorcs, layout_rooms, minmay_tromino_i2

Action                   || total
-------------------------++-------
Melee: Club              ||     1
Armor: Robe              ||     1
Dodge: Dodged            ||    13
